Map: Tours du crépuscule

Players

Worming

  • Race: Zerg Zerg
  • League: Platinum

aLive - Winner!

  • Race: Terran Terran

VOD

Have the link to the VOD?

Description

Time

  • Played on: Nov. 11, 2015, 10:28 a.m.
  • Length: 18:59
Show
View Real Time Build Order
Export as new Build Order

Worming Zerg 

Build Orders: Hatch First, Lurkers 

Get SALT Encoding   

  12  0:01  Drone  
  13  0:09  Drone  
  14  0:20  Overlord  
  14  0:25  Extractor  
  14  0:26  Drone, Extractor  
  13  0:30  Drone  
  16  0:39  Drone  
  17  0:46  Drone  
  18  1:00  Drone, Hatchery  
  18  1:06  Drone  
  19  1:20  Drone, Spawning Pool  
  19  1:27  Drone  
  20  1:41  Hatchery  
  20  1:47  Drone  
  20  2:00  Drone x2  
  22  2:05  Extractor  
  21  2:12  Queen x2  
  21  2:15  Overlord  
  25  2:18  Zergling x2  
  26  2:24  Drone x2  
  28  2:38  Drone x2  
  28  2:43  Drone  
  31  2:47  Queen  
  31  2:49  Zergling x2  
  34  2:54  Queen  
  36  3:07  Drone x2  
  36  3:09  Metabolic Boost  
  38  3:16  Drone x4  
  38  3:18  Overlord  
  42  3:29  Overlord  
  42  3:36  Drone x3  
  42  3:40  Drone x4  
  49  3:44  Overlord  
  49  3:52  Zergling x4  
  49  3:54  Drone  
  49  3:55  Drone x3  
  55  4:09  Drone  
  56  4:10  Drone  
  56  4:11  Drone x4  
  56  4:14  Extractor  
  56  4:16  Extractor  
  59  4:23  Zergling x2  
  59  4:24  Zergling x6  
  62  4:27  Drone  
  64  4:31  Drone  
  64  4:32  Drone  
  64  4:33  Overlord x4  
  64  4:37  Extractor  
  63  4:41  Queen  
  63  4:43  Roach Warren  
  63  4:44  Drone x3  
  65  4:48  Spine Crawler  
  64  4:57  Drone  
  64  4:59  Drone  
  66  5:00  Extractor  
  66  5:02  Drone x2  
  66  5:03  Extractor  
  66  5:14  Drone x3  
  69  5:15  Drone x3  
  69  5:17  Drone x3  
  69  5:19  Drone x2  
  77  5:22  Lair  
  75  5:33  Roach x3  
  75  5:34  Roach  
  81  5:45  Roach x3  
  81  5:46  Roach  
  89  5:52  Drone  
  89  5:53  Evolution Chamber  
  89  5:55  Evolution Chamber  
  88  5:57  Spore Crawler  
  88  6:02  Zergling x2  
  88  6:05  Drone  
  88  6:06  Drone  
  88  6:07  Overlord x3  
  88  6:08  Overlord  
  90  6:19  Zerg Missile Weapons Level 1  
  90  6:20  Overlord x3  
  90  6:21  Zerg Ground Armor Level 1, Overlord, Glial Reconstitution  
  90  6:27  Hydralisk Den  
  88  6:33  Ravager x4  
  88  6:34  Roach x5  
  102  6:42  Roach  
  102  6:43  Roach x4  
  102  6:44  Hatchery  
  111  6:51  Overlord x2  
  111  7:01  Drone  
  111  7:03  Overseer  
  112  7:09  Lurker Den  
  112  7:28  Hydralisk  
  112  7:29  Hydralisk x6  
  124  7:42  Overseer  
  124  7:43  Drone x2  
  126  7:57  Hatchery  
  125  8:04  Spire  
  124  8:06  Drone x2  
  124  8:08  Drone x12, Infestation Pit  
  137  8:28  Overlord x2  
  132  9:00  Spine Crawler  
  131  9:09  Spine Crawler  
  130  9:12  Extractor  
  130  9:13  Drone x3, Extractor  
  130  9:14  Drone x3  
  134  9:19  Mutalisk x10  
  134  9:20  Mutalisk x6  
  134  9:22  Zerg Flyer Weapons Level 1  
  134  9:23  Hive  
  166  9:38  Overlord  
  166  9:47  Hatchery  
  166  9:49  Burrow  
  165  10:01  Zerg Missile Weapons Level 2, Zerg Ground Armor Level 2  
  165  10:03  Muscular Augments  
  165  10:08  Zergling x2  
  165  10:09  Zergling x48  
  140  11:02  Viper  
  140  11:03  Viper x3  
  152  11:09  Drone x8  
  160  11:28  Spine Crawler  
  160  11:30  Spine Crawler  
  160  11:32  Lurker x4  
  162  11:33  Lurker x3  
  162  11:39  Hatchery  
  164  11:40  Greater Spire  
  164  12:07  Roach  
  164  12:08  Roach x11  
  187  12:19  Zergling x2  
  187  12:20  Zergling x12  
  193  12:49  Hydralisk x4  
  200  13:03  Extractor  
  200  13:04  Extractor  
  200  13:05  Zerg Missile Weapons Level 3, Zerg Ground Armor Level 3  
  198  13:06  Ultralisk Cavern, Zerg Flyer Weapons Level 2  
  102  13:36  Corruptor x5  
  102  13:37  Corruptor x6  
  102  13:38  Roach  
  102  13:39  Roach x8  
  139  14:01  Roach  
  139  14:02  Roach x10  
  121  14:26  Brood Lord x2  
  121  14:27  Brood Lord x4  
  121  14:28  Zergling x2, Roach x9  
  121  14:29  Zergling x16, Roach  
  133  14:43  Zergling x4  
  130  14:47  Roach, Hydralisk  
  130  14:48  Roach x2  
  110  15:09  Drone x9  
  110  15:12  Hydralisk  
  117  15:21  Hatchery  
  117  15:22  Zerg Flyer Armor Level 1  
  112  15:30  Corruptor x6  
  124  15:38  Hatchery  
  124  15:41  Chitinous Plating  
  124  15:42  Zerg Melee Weapons Level 1  
  123  15:43  Zergling x2  
  123  15:44  Zergling x8  
  123  15:48  Extractor  
  123  15:49  Extractor  
  126  15:55  Extractor  
  107  15:58  Extractor  
  88  16:06  Roach x2, Hydralisk x4  
  88  16:07  Roach x2  
  88  16:09  Hydralisk x2  
  88  16:10  Roach  
  88  16:11  Roach x6  
  122  16:18  Drone  
  123  16:28  Zergling x2, Ultralisk  
  123  16:29  Zergling x8  
  113  16:42  Roach  
  113  16:43  Roach x10  
  117  16:56  Roach  
  117  16:57  Roach x5  
  104  17:09  Roach  
  104  17:10  Roach x4  
  114  17:23  Drone x7  
  103  17:50  Roach x4  
  111  18:04  Hydralisk  
  111  18:05  Hydralisk  
  117  18:06  Roach x2  
  107  18:36  Roach x2  
  107  18:37  Roach x2  
Show
View Real Time Build Order
Export as new Build Order

aLive Terran - Winner!

Build Orders: Liberator Opening, Reaper Expand, Mech 

Get SALT Encoding   

  12  0:01  SCV  
  13  0:13  SCV  
  14  0:26  SCV  
  15  0:30  Supply Depot  
  15  0:52  SCV  
  15  0:54  Barracks  
  17  1:04  SCV  
  17  1:08  Refinery  
  17  1:20  SCV  
  18  1:32  SCV  
  19  1:43  Supply Depot  
  19  1:46  Orbital Command  
  19  1:55  Reaper  
  19  1:58  Command Center  
  20  2:03  Refinery  
  20  2:14  SCV  
  21  2:26  SCV  
  22  2:38  Supply Depot, SCV  
  22  2:40  Barracks Reactor, Factory  
  23  2:50  SCV  
  24  3:02  SCV  
  25  3:14  SCV  
  26  3:25  Orbital Command  
  26  3:26  SCV  
  27  3:32  Starport  
  27  3:34  Hellion x2  
  27  3:38  Supply Depot, SCV  
  27  3:39  Barracks Tech Lab  
  32  3:50  SCV  
  32  3:54  Liberator  
  33  3:56  Hellion x2  
  38  4:02  SCV  
  38  4:03  SCV  
  39  4:15  SCV x2  
  46  4:17  Hellion x2  
  46  4:23  Marine  
  49  4:27  SCV x2  
  51  4:32  Factory  
  51  4:36  Liberator  
  51  4:39  SCV  
  51  4:44  Hellion x2  
  56  4:47  SCV  
  56  4:51  Command Center, SCV  
  58  4:59  SCV  
  62  5:05  Armory  
  62  5:16  Supply Depot x2  
  62  5:27  Factory  
  62  5:28  Barracks Tech Lab  
  62  5:38  Hellion x2, Siege Tank, SCV x2  
  71  5:50  SCV x2  
  73  6:00  Refinery x2  
  73  6:02  SCV x2  
  75  6:09  Hellion x2  
  75  6:10  Orbital Command  
  79  6:17  Thor  
  85  6:22  SCV  
  85  6:25  Engineering Bay  
  86  6:26  Supply Depot  
  86  6:30  Liberator  
  86  6:31  Hellion x2  
  86  6:32  Hellion x10  
  90  6:36  Siege Tank  
  93  6:43  Orbital Command  
  93  6:47  SCV x2  
  98  7:01  Hellion  
  100  7:09  Supply Depot x2  
  100  7:11  Supply Depot  
  100  7:12  SCV  
  101  7:26  SCV x2  
  101  7:27  Terran Vehicle Weapons Level 1, Hellion  
  105  7:42  Refinery  
  105  7:52  Hellion x2  
  105  7:56  Starport Reactor  
  105  7:57  SCV  
  116  8:00  Armory  
  116  8:06  Command Center  
  116  8:15  Thor  
  116  8:16  Thor  
  116  8:18  Hellion x2  
  116  8:19  SCV  
  127  8:22  Missile Turret  
  127  8:23  Missile Turret  
  127  8:24  Missile Turret  
  127  8:28  Missile Turret  
  127  8:29  Missile Turret  
  127  8:32  Missile Turret  
  125  8:42  Liberator  
  125  8:44  Hellion x2  
  126  8:59  Siege Tank  
  126  9:00  Liberator  
  126  9:02  Supply Depot x2  
  132  9:04  Supply Depot  
  132  9:11  Supply Depot  
  132  9:12  Supply Depot  
  132  9:13  Supply Depot  
  132  9:14  SCV  
  133  9:18  Hellion x2  
  133  9:20  Command Center  
  140  9:24  Orbital Command  
  140  9:25  Liberator  
  140  9:32  Terran Vehicle Weapons Level 2  
  140  9:33  Terran Vehicle And Ship Armor Level 1  
  140  9:36  Siege Tank  
  140  9:38  Siege Tank  
  146  9:43  Liberator  
  145  9:58  Hellion x2  
  149  10:00  Orbital Command  
  152  10:08  Liberator  
  152  10:22  Factory x2  
  152  10:24  Hellion x2  
  159  10:32  Sensor Tower  
  156  10:36  Thor  
  151  10:58  Siege Tank  
  151  10:59  Hellion x2  
  158  11:06  Factory Tech Lab  
  158  11:07  Factory Tech Lab  
  158  11:08  Liberator x2, Orbital Command  
  158  11:11  Refinery  
  158  11:13  Missile Turret  
  158  11:15  Missile Turret  
  158  11:17  Refinery  
  158  11:19  Siege Tank  
  158  11:23  Hellion x2  
  171  11:37  Sensor Tower  
  171  11:40  Thor  
  171  11:43  Terran Vehicle And Ship Armor Level 2  
  177  11:48  Command Center  
  177  11:52  Siege Tank  
  177  11:53  Orbital Command  
  180  12:19  Siege Tank  
  180  12:20  Siege Tank  
  186  12:36  Refinery  
  186  12:39  Refinery  
  180  13:05  Hellion, Siege Tank x2  
  188  13:06  Hellion  
  188  13:11  Hellion, Siege Tank  
  193  13:20  Liberator x2  
  174  13:30  Hellion x2  
  174  13:32  Siege Tank  
  157  13:37  Siege Tank x2  
  169  13:43  Siege Tank  
  169  13:47  SCV  
  170  13:51  Hellion  
  170  13:55  Starport  
  172  14:04  Thor  
  166  14:20  Viking x2  
  161  14:28  Siege Tank x2  
  161  14:29  Hellion x3  
  166  14:42  Starport Reactor  
  166  14:48  Hellion  
  166  14:50  Hellion  
  166  15:03  Viking x2  
  149  15:14  Starport  
  149  15:21  Viking  
  149  15:22  Viking  
  153  15:56  Viking x2  
  149  16:10  Thor x2  
  161  16:21  Planetary Fortress  
  161  16:26  Viking x2  
  144  16:56  Viking x2  
  141  17:02  Hellion x3  
  133  17:26  Viking x2  
  134  17:32  Hellion x2, Siege Tank x2  
  148  17:37  Hellion x2  
  148  17:38  Liberator x2  
  151  18:21  Refinery  
  151  18:22  Refinery  
  151  18:25  Orbital Command  
  161  18:51  Starport Reactor  
Tags
 
Add a new tag
Caveats
  • Supply blocks, unpowered buildings, or Contaminate may cause inaccurate times.
  • Supply counts are checked every 10 seconds.